 Dungeon Crawl Stone Soup version 0.20-a0-640-g62ed22f (webtiles) character file.

9 Glaeka the Caller (level 2, 0/20 HPs)
             Began as a Draconian Summoner on Feb 12, 2017.
             Slain by a worm (8 damage)
             ... on level 2 of the Dungeon.
             The game lasted 00:03:48 (491 turns).

Glaeka the Caller (Draconian Summoner)               Turns: 491, Time: 00:03:49

Health: 0/20       AC:  6    Str: 10    XL:     2   Next: 6%
Magic:  1/5        EV: 12    Int: 15    God:
Gold:   65         SH:  0    Dex: 11    Spells: 4/5 levels left

rFire    . . .     SeeInvis .   a - +0 hand axe
rCold    . . .     Gourm    .   (armour unavailable)
rNeg     . . .     Faith    .   (no shield)
rPois    .         Spirit   .   (helmet restricted)
rElec    .         Reflect  .   l - +0 cloak
rCorr    .         Harm     .   (no gloves)
MR       .....                  q - +0 pair of boots
Stlth    ++........             (no amulet)
Regen    0.1/turn               (no ring)
MPRegen  0.1/turn               (no ring)

@: no status effects
A: unfitting armour, cold-blooded, AC +4
a: no special abilities


You were on level 2 of the Dungeon.
You were not hungry.

You visited 1 branch of the dungeon, and saw 2 of its levels.

You collected 65 gold pieces.

Inventory:

Hand Weapons
 a - a +0 hand axe (weapon)
Armour
 l - a +0 cloak (worn)
 q - a +0 pair of boots (worn)
Jewellery
 g - an uncursed ring of resist corrosion {unknown}
 n - a +3 ring of strength {unknown}
 o - an uncursed ring of stealth {unknown}
Scrolls
 c - a scroll of enchant weapon {unknown}
 d - a scroll of blinking {unknown}
 i - a scroll of remove curse {unknown}
 m - a scroll of teleportation {unknown}
 p - a scroll of identify {unknown}
Potions
 f - 2 potions of curing {unknown}
 j - a potion of invisibility {unknown}
Books
 e - a book of Callings

   Spells                             Type                      Level
   a - Summon Small Mammal            Summoning                    1
   b - Call Imp                       Summoning                    2
   c - Call Canine Familiar           Summoning                    3
   d - Summon Guardian Golem          Hexes/Summoning              3
   e - Summon Lightning Spire         Summoning/Air                4
   f - Summon Ice Beast               Ice/Summoning                4
Comestibles
 b - a bread ration
 h - 2 royal jellies


   Skills:
 + Level 1.7 Dodging
 + Level 1.7 Stealth
 + Level 2.0 Spellcasting
 * Level 4.4 Summonings


You had 4 spell levels left.
You knew the following spells:

 Your Spells              Type           Power        Failure   Level  Hunger
a - Summon Small Mammal   Summ           ##..         4%          1    #......


Dungeon Overview and Level Annotations

Branches:
Dungeon (2/15)

Altars:
Okawaru


Innate Abilities, Weirdness & Mutations

Your plain brown scales are hard. (AC +4)
You cannot fit into any form of body armour.
You are cold-blooded and may be slowed by cold attacks.


Message History

Your bat hits the worm. x2
Casting: Summon Small Mammal
Confirm with . or Enter, or press ? or * to list all spells.
Your bat hits the worm but does no damage.
You barely miss the worm.
The worm is heavily wounded.
Your bat hits the worm but does no damage.
The worm bites you.
You hit the worm.
The worm is heavily wounded.
Your bat hits the worm but does no damage.
Your bat hits the worm. You slash the worm!
The worm is almost dead.
Your bat hits the worm but does no damage. x2
Your bat hits the worm. The worm misses your bat.
You hit the worm but do no damage.
The worm is almost dead.
Your bat hits the worm. The worm bites you!
You die...

.#. .... ... ###
.. #.. .. #. #.#
...###.#### #r#
.........<#####@#
#..........)..w.#
...###....####.#
#.....# #b#
#.......# #.#
...##.##.# #..
#... ... ..####
... .......#
.#...^_....#


You could see a worm, a friendly bat and a friendly rat.

Vanquished Creatures
  A giant cockroach (D:2)
  A goblin (D:2)
  3 hobgoblins
  A frilled lizard (D:1)
  A kobold (D:1)
  2 rats (D:1)
9 creatures vanquished.

Notes
Turn   | Place    | Note
-------+----------+-------------------------------------------
     0 | D:1      | Glaeka the Draconian Summoner began the quest for the Orb.
     0 | D:1      | Reached XP level 1. HP: 14/14 MP: 3/3
   452 | D:2      | Found an iron altar of Okawaru.
   474 | D:2      | Reached XP level 2. HP: 16/20 MP: 1/5
   491 | D:2      | Slain by a worm

Vault maps used:
D:1:      dpeg_arrival_renting
D:2:      okawaru_gym_becter, cheibriados_altar_1,
          minmay_misc_feat_more_columns, minmay_tetromino_s2

Action                   || total
-------------------------++-------
Melee: Hand axe          ||    40
       Tailslap          ||     4
 Cast: Summon Small Mamm ||    11
Armor: Skin              ||     5
Dodge: Dodged            ||    18
